 Dungeon Crawl Stone Soup version 0.32-a0-422-g28b100f (webtiles) character file.

Game seed: 13867773116240094285

385521 arrowsters the Executioner (level 22, -11/254 HPs)
             Began as an Oni Monk on Feb 20, 2024.
             Was the Champion of Beogh.
             Mangled by a +0 glaive of flaming (30 damage)
             ... animated by Zenata
             ... on level 4 of the Vaults on Feb 21, 2024.
             The game lasted 02:52:04 (54807 turns).

arrowsters the Executioner (Oni Monk)              Turns: 54807, Time: 02:52:05

Health: -11/254    AC: 29    Str: 29    XL:     22   Next: 61%
Magic:  30/30      EV:  8    Int: 11    God:    Beogh [******]
Gold:   2993       SH: 20    Dex: 18    Spells: 21/21 levels left

rFire   + . .        c - +8 broad axe of Fiusuora {spect, rElec rCorr Stlth-}
rCold   + + +        o - +0 tower shield
rNeg    + . .        R - +9 gold dragon scales
rPois   +            m - +1 hat of Disguise {Dex+4}
rElec   +            h - scarf {rC+ rF+}
rCorr   +            (gloves unavailable)
SInv    +            (boots unavailable)
Will    ++++.        K - amulet of regeneration Stlth
                     B - ring "Hiebub" {Dex+4 SInv}
HPRegen 1.42/turn    X - ring "Offureul" {Ice Fly rN+ Will++ Dex-3}
MPRegen 0.22/turn

%: no passive effects
@: about to teleport, flying
A: walk on water, large, unfitting armour, horns 1, tough skin 1, double potion
healing, drunken brawling, talons 1, thin skeletal structure 1, low MP 1,
screaming 1, MP-powered wands
}: 3/15 runes: serpentine, barnacled, slimy
a: Renounce Religion, Smiting, Recall Apostles, Blood for Blood, Dismiss
Marbaugh, warrior, Dismiss Margrim, warrior, Dismiss Beowulf, priest


You were on level 4 of the Vaults.
You worshipped Beogh.
Beogh was exalted by your worship.
You visited 8 branches of the dungeon, and saw 42 of its levels.
You also visited: Trove, Bailey and Desolation.

You collected 6787 gold pieces.
You spent 3794 gold pieces at shops.

Inventory:

Hand Weapons
 c - the +8 broad axe of Fiusuora (weapon) {spect, rElec rCorr Stlth-}
   (You acquired it on level 8 of the Dungeon)

   rElec:     It insulates you from electricity.
   rCorr:     It protects you from acid and corrosion.
   Stlth-:    It makes you less stealthy.
Missiles
 g - a throwing net {!f}
 l - 20 boomerangs
 w - 3 silver javelins
 C - 11 curare-tipped darts {!f}
 H - 23 large rocks (quivered)
Armour
 h - a scarf of resistance (worn)
 m - the +1 hat of Disguise (worn) {Dex+4}
   (You acquired it on level 1 of the Vaults)

   Dex+4:     It affects your dexterity (+4).
 o - a +0 tower shield (worn)
 R - +9 gold dragon scales (worn)
Jewellery
 u - the ring of Epya {Fly EV+5 Dex+4}
   (You found it in a treasure trove)

   [ring of evasion]

   EV+5:      It affects your evasion (+5).
   Dex+4:     It affects your dexterity (+4).
   Fly:       It grants you flight.
 x - the ring of Nifav {rC+ rN++ Dex-5}
   (You found it in a treasure trove)

   [ring of protection from cold]

   Dex-5:     It affects your dexterity (-5).
   rC+:       It protects you from cold.
   rN++:      It greatly protects you from negative energy.
 z - the ring of Zatz {rElec rPois Dex+2 Slay+3}
   (You found it in the Desolation of Salt)

   [ring of poison resistance]

   Dex+2:     It affects your dexterity (+2).
   Slay+3:    It affects your accuracy & damage with ranged weapons and melee
   (+3).
   rElec:     It insulates you from electricity.
   rPois:     It protects you from poison
 B - the ring "Hiebub" (left hand) {Dex+4 SInv}
   (You found it in the Desolation of Salt)

   [ring of see invisible]

   Dex+4:     It affects your dexterity (+4).
   SInv:      It lets you see invisible.
 K - an amulet of regeneration (around neck)
 M - a ring of protection from fire
 S - the ring of the Parsimonious God {rElec EV+5}
   (You found it in the Desolation of Salt)

   [ring of evasion]

   EV+5:      It affects your evasion (+5).
   rElec:     It insulates you from electricity.
 U - the ring of Secvourpha {rC+ Will+}
   (You found it in the Desolation of Salt)

   [ring of willpower]

   rC+:       It protects you from cold.
   Will+:     It increases your willpower.
 X - the ring "Offureul" (right hand) {Ice Fly rN+ Will++ Dex-3}
   (You found it in a treasure trove)

   [ring of ice]

   Ice:       It enhances your ice magic.
   Dex-3:     It affects your dexterity (-3).
   rF-:       It makes you vulnerable to fire.
   rC+:       It protects you from cold.
   rN+:       It protects you from negative energy.
   Will++:    It greatly increases your willpower.
   Fly:       It grants you flight.
 Z - a ring of resist corrosion
Wands
 t - a wand of charming (1)
 O - a wand of polymorph (24)
 P - a wand of quicksilver (23)
Scrolls
 e - 7 scrolls of fear {!r}
 j - 17 scrolls of teleportation {!r}
 k - 2 scrolls of poison
 r - 9 scrolls of identify
 s - 6 scrolls of blinking
 y - 9 scrolls of enchant weapon
 F - 8 scrolls of fog {!r}
 G - 6 scrolls of revelation {!r}
 J - a scroll of summoning {!r}
 N - 3 scrolls of brand weapon
Potions
 a - 7 potions of haste {!q}
 b - 7 potions of lignification {!q}
 d - 2 potions of attraction
 f - 4 potions of resistance {!q}
 i - 4 potions of enlightenment {!q!q}
 n - 7 potions of brilliance {!q}
 p - 3 potions of might {!q}
 q - 5 potions of curing {!q}
 v - 2 potions of magic {!q}
 A - 3 potions of cancellation {!q}
 D - 4 potions of invisibility {!q}
 I - 11 potions of mutation
 V - 3 potions of berserk rage {!q}
 Y - 2 potions of ambrosia {!q}
Miscellaneous
 L - a lightning rod (4/4)


   Skills:
 * Level 21.9 Fighting
 * Level 22.2 Axes
 - Level 15.0 Throwing
 * Level 11.5 Armour
 * Level 12.3 Dodging
 * Level 15.2 Shields
 + Level 16.0 Invocations


You had 21 spell levels left.
You didn't know any spells.
Your spell library contained the following spells:

 Spells                   Type           Power      Damage    Failure   Level
 Foxfire                  Conj/Fire      0%         2x1d4     100%        1
 Freeze                   Ice            0%         1d3       100%        1
 Kiss of Death            Conj/Necr      0%         2d5       100%        1
 Necrotise                Necr           0%         1d4       100%        1
 Sandblast                Erth           0%         2d4       100%        1
 Slow                     Hex            0%         N/A       100%        1
 Sting                    Conj/Alch      0%         1d3       100%        1
 Call Imp                 Summ           0%         N/A       100%        2
 Ensorcelled Hibernation  Hex/Ice        0%         N/A       100%        2
 Lesser Beckoning         Tloc           0%         N/A       100%        2
 Mercury Vapours          Alch/Air       0%         N/A       100%        2
 Sublimation of Blood     Necr           0%         N/A       100%        2
 Confusing Touch          Hex            0%         N/A       100%        3
 Dazzling Flash           Conj/Hex       0%         N/A       100%        3
 Frozen Ramparts          Ice            0%         1d1       100%        3
 Fugue of the Fallen      Necr           0%         N/A       100%        3
 Gell's Gravitas          Tloc           0%         N/A       100%        3
 Hailstorm                Conj/Ice       0%         3d5       100%        3
 Inner Flame              Hex/Fire       0%         N/A       100%        3
 Mephitic Cloud           Conj/Alch/Air  0%         N/A       100%        3
 Passwall                 Erth           0%         N/A       100%        3
 Sigil of Binding         Hex            0%         N/A       100%        3
 Stone Arrow              Conj/Erth      0%         3d7       100%        3
 Summon Ice Beast         Ice/Summ       0%         N/A       100%        3
 Teleport Other           Tloc           0%         N/A       100%        3
 Tukima's Dance           Hex            0%         N/A       100%        3
 Vampiric Draining        Necr           0%         2d6       100%        3
 Volatile Blastmotes      Fire/Tloc      0%         2d10      100%        3
 Animate Armour           Summ/Erth      0%         N/A       100%        4
 Animate Dead             Necr           0%         N/A       100%        4
 Brom's Barrelling Bould  Conj/Erth      0%         2d3       100%        4
 Cause Fear               Hex            0%         N/A       100%        4
 Dimensional Bullseye     Hex/Tloc       0%         N/A       100%        4
 Dispel Undead            Necr           0%         3d6       100%        4
 Flame Wave               Conj/Fire      0%         2d4       100%        4
 Ignite Poison            Fire/Alch      0%         N/A       100%        4
 Iskenderun's Mystic Bla  Conj/Tloc      0%         2d3       100%        4
 Martyr's Knell           Necr/Summ      0%         N/A       100%        4
 Olgreb's Toxic Radiance  Alch           0%         N/A       100%        4
 Petrify                  Alch/Erth      0%         N/A       100%        4
 Sticky Flame             Fire/Alch      0%         2d4       100%        4
 Summon Blazeheart Golem  Fire/Summ      0%         N/A       100%        4
 Summon Lightning Spire   Summ/Air       0%         N/A       100%        4
 Curse of Agony           Necr           0%         N/A       100%        5
 Fireball                 Conj/Fire      0%         3d3       100%        5
 Irradiate                Conj/Alch      0%         3d11      100%        5
 Lee's Rapid Deconstruct  Erth           0%         3d4*      100%        5
 Metabolic Englaciation   Hex/Ice        0%         N/A       100%        5
 Silence                  Hex/Air        0%         N/A       100%        5
 Summon Mana Viper        Hex/Summ       0%         N/A       100%        5
 Plasma Beam              Fire/Air       0%         2x1d10    100%        6
 Sculpt Simulacrum        Ice/Alch       0%         N/A       100%        6
 Starburst                Conj/Fire      0%         6d3       100%        6
 Haunt                    Necr/Summ      0%         N/A       100%        7
 Monstrous Menagerie      Summ           0%         N/A       100%        7
 Orb of Destruction       Conj           0%         9d5       100%        7
 Ozocubu's Refrigeration  Ice            0%         4d7       100%        7
 Spellforged Servitor     Conj/Summ      0%         N/A       100%        7
 Summon Hydra             Summ           0%         N/A       100%        7
 Borgnjor's Revivificati  Necr           0%         N/A       100%        8
 Ignition                 Fire           0%         3d3       100%        8
 Infestation              Necr           0%         N/A       100%        8
 Lehudib's Crystal Spear  Conj/Erth      0%         10d2      100%        8
 Death's Door             Necr           0%         N/A       100%        9
 Dragon's Call            Summ           0%         N/A       100%        9
 Polar Vortex             Ice            0%         N/A       100%        9


Dungeon Overview and Level Annotations

Branches:
Dungeon (15/15)            Temple (0/1) D:4            Lair (5/5) D:9
 Shoals (4/4) Lair:2        Snake (4/4) Lair:2        Slime (5/5) Lair:4
    Orc (2/2) D:11            Elf (3/3) Orc:2        Vaults (3/5) D:13
 Depths (0/4) D:15         Bailey (visited)         Desolation (visited)
  Crypt: Vaults:2-3

Altars:
Cheibriados
Fedhas
Gozag
Hepliaklqana
Kikubaaqudgha
Makhleb
Okawaru
Sif Muna
Uskayaw
Beogh
Jiyva

Shops:
D:1 *[=*(   D:2 !   D:9 [   D:12 =   D:14 (*   Orc:2 [([[   Elf:1 :==
Elf:2 *=(*=   Elf:3 :   Shoals:3 [**(   Snake:1 !?=*   Vaults:1 *

Annotations:
D:7 2 transporters, exclusion: oklob plant, Lovepenguin's ghost, novice CoBe
D:13 1 runed translucent door
Shoals:2 3 runed translucent doors, exclusion: obsidian statue
Snake:3 Vashnia
Elf:2 39 runed translucent doors
Vaults:4 Zenata


Innate Abilities, Weirdness & Mutations

You can walk on water.
Your facial features are unmistakably orcish.
You are too large for most types of armour.
You have a pair of small horns on your head.
You have tough skin. (AC +1)
You gain doubled healing and magic from potions.
Whenever you drink a healing potion, you attack all around you.
You have sharp toenails.
You have a somewhat thin skeletal structure. (Dex +2, Stealth+)
Your magical capacity is low. (-10% MP)
You occasionally shout uncontrollably at your foes.
You expend magic power (3 MP) to strengthen your wands.


Message History

You throw a large rock.
The large rock hits the +0 battleaxe of flaming!!!
You destroy the +0 battleaxe of flaming!
The +0 battleaxe of flaming disappears in a puff of smoke!
An ironbound convoker comes into view. It is wielding a +0 dire flail.
Unknown command.
Unknown command.
As you read the scroll of teleportation {!r}, it crumbles to dust.
You feel strangely unstable.
The ironbound convoker shouts!
You block the +1 trident of protection's attack.
Unknown command.
Unknown command.
Unknown command.
Throw: 23 large rocks
Press: ? - help, Q - select action, (/) - cycle Shift-Dir - straight line
Okay, then.
The +1 trident of protection attacks as it pursues you!
The +1 trident of protection hits you from afar!
* * * LOW HITPOINT WARNING * * *
You block the +1 trident of protection's attack.
The +1 trident of protection hits you but does no damage.
Taken [10] Damage!
You left [18]HP Unknown command.
Unknown command.
You take a swig of the potion and twirl the +8 broad axe of Fiusuora {spect, rElec rCorr Stlth-}.
You hit the +2 long sword of draining but do no damage.
You claw the +2 long sword of draining, but do no damage.
You headbutt the +2 long sword of draining, but do no damage.
The +2 long sword of draining is lightly damaged.
You savour every drop.
You feel better.
Your +8 broad axe of Fiusuora {spect, rElec rCorr Stlth-} hits the +2 long sword of draining!!
You destroy the +2 long sword of draining!
The +2 long sword of draining disappears in a puff of smoke!
Your +8 broad axe of Fiusuora {spect, rElec rCorr Stlth-} hits the +1 trident of protection!!
The +1 trident of protection hits your +8 broad axe of Fiusuora {spect, rElec rCorr Stlth-}!
Your spectral weapon shares its damage with you!
* * * LOW HITPOINT WARNING * * *
The +0 glaive of flaming hits you from afar!!
You die...

#...#)[#
#..#.pp#
#..#...#
#...#..#####.
#..#.......p.
#.......[..
#. #((..# ##
##ยง(#.
#.@#......
#.........
##########


You could see a vault warden (target of vengeance), a vault guard (target of
vengeance), 2 dancing weapons and a friendly +8 broad axe of Fiusuora {spect,
rElec rCorr Stlth-}.

Vanquished Creatures
  Dissolution (Slime:4)
  the Royal Jelly (Slime:5)
  Mara (Elf:3)
  Nikola (Elf:3)
  2 deep elf blademasters (Elf:2)
  5 krakens
  A sphinx (Vaults:3)
  16 acid blobs
  A tengu reaver (D:13)
  Gastronok (D:8)
  Kirke (Shoals:1)
  Aizul (Snake:1)
  15 rockslimes
  4 nagarajas
  Ilsuiw (Shoals:3)
  14 azure jellies
  4 deep elf sorcerers (Elf:3)
  An imperial myrmidon (Desolation)
  A vault warden (Vaults:2)
  An orc warlord (Orc:2)
  7 deep elf elementalists
  3 ironbound preservers
  8 formless jellyfish
  5 ironbound thunderhulks
  11 quicksilver oozes
  2 dire elephants (Vaults:2)
  4 deep elf death magi
  7 deep elf demonologists
  8 deep elf annihilators
  Azrael (D:12)
  A halazid warlock (Desolation)
  Snorg (D:11)
  A merfolk javelineer (Shoals:3)
  8 merfolk impalers
  2 ettins (Orc:1)
  2 crystal guardians (Desolation)
  4 yaktaur captains
  An entropy weaver (shapeshifter) (D:13)
  2 deep elf high priests (Elf:3)
  8 great orbs of eyes
  2 rakshasas (D:15)
  2 hydras (D:13)
  6 peacekeepers (Desolation)
  11 anacondas
  3 vault guards
  The ghost of Sicial the Carver, a journeyman DsGl of Wu Jian (Orc:1)
  2 ironbound frosthearts (Vaults:2)
  9 ragged hierophants (Desolation)
  5 servants of whispers
  4 catoblepae
  4 merfolk aquamancers
  4 merfolk avatars
  4 salamander tyrants
  9 centaur warriors
  5 death yaks (Lair:5)
  3 satyrs
  A two-headed ogre (D:9)
  10 dancing weapons
  3 alligator snapping turtles
  3 boulder beetles
  13 naga warriors
  An occultist (D:15)
  A tengu warrior (D:15)
  An orc high priest (Orc:2)
  15 naga sharpshooters
  6 skysharks
  3 skeletal warriors (D:12)
  4 deep elf knights
  9 shock serpents
  Amaemon (D:7)
  6 mana vipers
  7 salamander mystics
  A flayed ghost (D:15)
  11 sea snakes
  9 deep trolls
  51 slime creatures
  10 harpies
  An arcanist (Vaults:2)
  9 deep elf archers
  A mana viper (shapeshifter) (Elf:3)
  A kraken simulacrum (Shoals:4)
  A phantasmal warrior (D:15)
  3 necromancers
  2 orc knights
  10 deep elf zephyrmancers
  8 ironbound convokers
  3 naga ritualists (Snake:4)
  22 deep elf pyromancers
  2 orc sorcerers
  10 ugly things
  17 manticores
  4 fauns
  A frost giant zombie (Vaults:2)
  9 cyclopes
  6 shining eyes
  16 salamanders
  29 black mambas
  4 water nymphs
  6 merfolk sirens
  14 elephants
  10 guardian serpents
  13 naga magi
  A frost giant skeleton (Vaults:2)
  3 kobold blastminers
  6 vault sentinels
  2 orange demons
  Joseph (D:8)
  3 gargoyles
  A torpor snail (Lair:3)
  3 eyes of devastation
  A molten gargoyle (Vaults:1)
  13 cane toads
  3 unseen horrors
  A kobold demonologist (D:13)
  A yaktaur (Vaults:4)
  A tengu conjurer (D:15)
  2 efreet
  9 komodo dragons
  8 rime drakes
  A queen bee (shapeshifter) (D:15)
  A yaktaur skeleton (Vaults:2)
  23 merfolk
  2 polar bears (Lair:5)
  A hellwing (Snake:3)
  8 trolls
  6 wind drakes
  3 glass eyes
  A hornet (shapeshifter) (Elf:1)
  23 blink frogs
  46 saltlings
  5 snapping turtles
  12 dream sheep
  A jumping spider (shapeshifter) (Elf:2)
  A deep troll skeleton (Vaults:1)
  61 yaks
  Sigmund (D:5)
  An ettin skeleton (Vaults:1)
  5 wyverns
  2 shadows
  2 air elementals
  4 basilisks
  7 water elementals
  A wraith (D:11)
  A human (D:11)
  7 golden eyes
  3 hogs (Shoals:1)
  2 basilisks (shapeshifter)
  10 vampire mosquitoes
  5 fire elementals
  An elf simulacrum (Vaults:1)
  A yaktaur simulacrum (Vaults:2)
  A glowing shapeshifter zombie (Vaults:2)
  35 nagas
  4 acid dragons
  3 hell hounds (D:12)
  A glowing shapeshifter skeleton (Vaults:2)
  11 water moccasins
  16 orc warriors
  2 sky beasts
  2 ice beasts
  5 ogres
  4 laughing skulls
  7 boggarts
  11 wolves
  A human skeleton (Vaults:1)
  9 centaurs
  2 phantoms
  5 kobold brigands
  A human zombie (Vaults:2)
  An earth elemental (Elf:1)
  Blork the orc (D:4)
  9 bullfrogs
  A two-headed ogre simulacrum (D:13)
  3 scorpions
  A scorpion (shapeshifter) (D:15)
  5 killer bees (D:8)
  3 electric eels
  A howler monkey (D:7)
  2 bombardier beetles
  11 orc priests
  Crazy Yiuf (D:2)
  A gnoll bouda (D:7)
  6 hounds
  5 jellies
  3 iguanas
  A sleepcap (D:5)
  10 orc wizards
  4 hell rats (Lair:5)
  3 troll simulacra (D:13)
  A spriggan simulacrum (D:13)
  A wolf simulacrum (D:13)
  6 gnolls
  2 naga simulacra (D:13)
  9 adders
  2 shadow imps
  2 ufetubi (D:7)
  3 dart slugs
  2 ribbon worms
  44 orcs
  5 bats
  4 endoplasms
  3 giant cockroaches (D:1)
  15 goblins
  10 hobgoblins
  4 quokkas
  15 ball pythons
  A frilled lizard (D:2)
  30 kobolds
  5 rats
  17 tentacles
1281 creatures vanquished.

Vanquished Creatures (collateral kills)
  A titan (Shoals:2)
  Mlioglotl (Shoals:1)
  An acid blob (Slime:5)
  A rockslime (Slime:5)
  2 nagarajas (Snake:4)
  2 azure jellies
  2 deep elf sorcerers
  2 vault wardens
  A deep elf elementalist (Elf:2)
  An orc warlord (Bailey)
  3 ironbound thunderhulks
  A quicksilver ooze (Slime:1)
  3 ironbound preservers
  2 deep elf death magi (Elf:2)
  A deep elf annihilator (Elf:1)
  A dire elephant (Vaults:1)
  A crystal guardian (Desolation)
  2 merfolk impalers
  3 ragged hierophants (Desolation)
  A yaktaur captain (Vaults:1)
  2 great orbs of eyes
  A servant of whispers (Desolation)
  2 vault guards
  2 peacekeepers (Desolation)
  2 anacondas
  A merfolk aquamancer (Shoals:2)
  A boulder beetle (Vaults:2)
  A two-headed ogre (D:11)
  2 centaur warriors (Vaults:2)
  3 naga warriors
  6 dancing weapons
  A shock serpent (Snake:3)
  A naga sharpshooter (Snake:4)
  2 orc high priests
  2 deep elf knights (Elf:1)
  2 sea snakes
  A mana viper (Snake:3)
  A naga ritualist (Snake:4)
  2 arcanists
  7 deep trolls
  3 deep elf archers
  2 ironbound convokers
  A necromancer (Vaults:2)
  2 orc knights
  A harpy (Vaults:3)
  2 manticores
  4 deep elf pyromancers (Elf:1)
  3 ugly things
  2 salamanders (Snake:4)
  2 fauns (Shoals:4)
  5 deep elf zephyrmancers (Elf:1)
  A shining eye (Slime:5)
  A tengu skeleton (Vaults:2)
  A cyclops (Lair:5)
  2 elephants (Lair:5)
  6 black mambas
  2 guardian serpents (Snake:3)
  A naga mage (Snake:3)
  A water nymph (Shoals:2)
  A cane toad (Lair:5)
  3 vault sentinels
  A yaktaur (Vaults:4)
  2 komodo dragons (Lair:5)
  8 merfolk
  A polar bear (Lair:5)
  A wind drake (Shoals:1)
  A polar bear (shapeshifter) (D:15)
  3 snapping turtles
  13 saltlings (Desolation)
  A dream sheep (Lair:5)
  A blink frog (Lair:2)
  11 slime creatures
  3 water elementals
  6 yaks
  A spriggan (shapeshifter) (Elf:1)
  A steam dragon (Lair:1)
  4 nagas
  3 orc warriors
  A human skeleton (Vaults:1)
  A bullfrog (D:9)
  A howler monkey (D:10)
  2 orc wizards (D:10)
  2 orcs (D:10)
  8 kobolds
196 creatures vanquished.

Vanquished Creatures (others)
  An orc warlord (Snake:4)
  16 orc apostles
  A naga warrior (Snake:1)
  4 orc high priests
  3 deep elf knights
  4 orc knights (Snake:4)
  A merfolk siren (Shoals:3)
  11 orc warriors
  7 orc priests
  4 orc wizards
  26 orcs
  41 spectral weapons
  2 starspawn tentacles (Shoals:1)
  21 tentacles
142 creatures vanquished.

Grand Total: 1619 creatures vanquished

Notes
Turn   | Place    | Note
-------+----------+-------------------------------------------
     0 | D:1      | arrowsters the Oni Monk began the quest for the Orb.
     0 | D:1      | Reached XP level 1. HP: 24/24 MP: 1/1
    39 | D:1      | Found Wotuoh's Antique Weapon Emporium.
    56 | D:1      | Reached XP level 2. HP: 32/32 MP: 2/2
   228 | D:1      | Reached XP level 3. HP: 40/40 MP: 3/3
   240 | D:1      | Found Hentipun's Antique Armour Emporium.
   265 | D:1      | Found Vogeq's Assorted Antiques.
   332 | D:1      | Found Longot's Jewellery Boutique.
   486 | D:1      | Found Jaihotom's Assorted Antiques.
   511 | D:2      | Found Keawnuu's Distillery.
   546 | D:2      | Bought a potion of degeneration for 11 gold pieces
   546 | D:2      | Bought a potion of heal wounds for 55 gold pieces
   570 | D:2      | You fall into a shaft and drop 2 floors!
   608 | D:4      | Reached skill level 4 in Axes
   608 | D:4      | Reached XP level 4. HP: 34/49 MP: 4/4
   781 | D:2      | Reached skill level 5 in Fighting
   781 | D:2      | Reached XP level 5. HP: 55/57 MP: 5/5
  1189 | D:2      | Found a runed translucent door.
  1190 | D:2      | Noticed Crazy Yiuf
  1329 | D:2      | Reached skill level 5 in Axes
  1643 | D:3      | Reached XP level 6. HP: 66/66 MP: 6/6
  1868 | D:2      | Killed Crazy Yiuf
  1960 | D:3      | Found a faded altar of an unknown god.
  2445 | D:4      | Found a staircase to the Ecumenical Temple.
  2456 | D:4      | Reached XP level 7. HP: 64/76 MP: 7/7
  2643 | D:4      | Found a shimmering blue altar of Sif Muna.
  2698 | D:4      | Found a snail-covered altar of Cheibriados.
  2738 | D:5      | Entered Level 5 of the Dungeon
  3125 | D:4      | Noticed Blork the orc
  3139 | D:4      | HP: 2/78 [Blork the orc/+0 scimitar (10)]
  3141 | D:4      | Killed Blork the orc
  3142 | D:4      | Reached skill level 1 in Throwing
  3142 | D:4      | Reached skill level 5 in Dodging
  3740 | D:5      | Noticed Sigmund
  3751 | D:5      | Killed Sigmund
  3752 | D:5      | Reached XP level 8. HP: 59/88 MP: 8/8
  4016 | D:5      | Found a blossoming altar of Fedhas.
  4030 | D:5      | Identified the +6 dagger of the Egg {heavy, Stlth+}
  4841 | D:5      | Found a hazy altar of Hepliaklqana.
  5570 | D:6      | Reached skill level 1 in Armour
  5913 | D:6      | Reached skill level 5 in Throwing
  5961 | D:6      | Identified the +11 falchion of Dung {freeze, rPois rF+ rC+
                  | Int-4}
  5972 | D:6      | Reached XP level 9. HP: 101/101 MP: 9/9
  6276 | D:7      | Noticed Lovepenguin's ghost (novice CoBe)
  6276 | D:7      | Noticed an oklob plant
  6358 | D:7      | Identified the +2 robe of the Baker {^Drain rN+ Str+4}
  6620 | D:7      | Found a transporter.
  6660 | D:7      | Reached skill level 10 in Fighting
  6840 | D:7      | Became a worshipper of Beogh the Shepherd
  6840 | D:7      | Reached * piety under Beogh
  6840 | D:7      | Reached ** piety under Beogh
  7113 | D:7      | Reached skill level 6 in Axes
  7259 | D:7      | Found a transporter.
  7413 | D:8      | Noticed Amaemon
  7413 | D:8      | Noticed an orange demon
  7436 | D:7      | HP: 7/151 [scorpion[Amaemon] (5)]
  7439 | D:7      | Killed Amaemon
  7697 | D:8      | Identified a scroll of acquirement
  7700 | D:8      | Acquired the +8 broad axe of Fiusuora {spect, rElec rCorr
                  | Stlth-}
  7719 | D:8      | Found an iron altar of Okawaru.
  7720 | D:8      | Found a hide-covered altar of Uskayaw.
  7722 | D:8      | Found a burning altar of Makhleb.
  7726 | D:8      | Found an ancient bone altar of Kikubaaqudgha.
  7834 | D:8      | Reached skill level 7 in Axes
  7914 | D:8      | Killed an orange demon
  7915 | D:8      | Reached XP level 10. HP: 110/114 MP: 10/10
  7982 | D:8      | Noticed Gastronok
  7997 | D:8      | Killed Gastronok
  7998 | D:8      | Reached skill level 8 in Axes
  8119 | D:8      | Noticed Joseph
  8125 | D:8      | Killed Joseph
  8303 | D:9      | Found a staircase to the Lair.
  8578 | D:9      | Found Ugeofez's Antique Armour Shop.
  8581 | D:9      | Noticed a two-headed ogre
  8587 | D:9      | Killed a two-headed ogre
  8653 | D:9      | Reached *** piety under Beogh
  8665 | D:9      | Noticed Marbaugh
  8675 | D:9      | Anointed Marbaugh the warrior as your apostle
  8680 | D:9      | Found a flagged portal.
  8716 | Bailey   | Entered a bailey
  8754 | Bailey   | Noticed an orc warlord
  8869 | Bailey   | Found a runed translucent gate.
  8884 | Bailey   | Found a runed translucent gate.
  8886 | Bailey   | Found a runed translucent gate.
  8900 | Bailey   | Reached XP level 11. HP: 118/131 MP: 11/11
  9151 | Bailey   | Killed an orc warlord
  9164 | Bailey   | Identified the +3 scale mail of Dogmatism {rF- rN+ Str+4
                  | Dex+4}
  9180 | Bailey   | Reached skill level 12 in Axes
  9180 | Bailey   | Reached XP level 12. HP: 140/140 MP: 12/12
  9486 | D:10     | Entered Level 10 of the Dungeon
  9541 | D:10     | Found a portal to a secret trove of treasure.
  9718 | D:10     | Identified the +2 morningstar of Desperation {vamp, rElec
                  | MP+9}
  9718 | D:10     | Noticed Wardok
  9729 | D:10     | Anointed Wardok the priest as your apostle
 10027 | D:11     | Found a staircase to the Orcish Mines.
 10046 | D:11     | Reached skill level 15 in Fighting
 10249 | D:11     | Noticed Snorg
 10256 | D:11     | Killed Snorg
 10323 | D:11     | Reached **** piety under Beogh
 10327 | D:11     | Reached skill level 13 in Axes
 10498 | D:11     | Noticed a two-headed ogre
 10507 | D:11     | Killed a two-headed ogre
 10842 | Lair:1   | Entered Level 1 of the Lair of Beasts
 11102 | Lair:1   | Noticed a boulder beetle
 11111 | Lair:1   | Killed a boulder beetle
 11760 | Lair:2   | Reached XP level 13. HP: 149/149 MP: 13/13
 11830 | Lair:2   | Found a staircase to the Snake Pit.
 11850 | Lair:2   | Reached skill level 14 in Axes
 11913 | Lair:2   | Found a staircase to the Shoals.
 12001 | Lair:2   | Anointed Ortolf the priest as your apostle
 12563 | Lair:3   | Found the +4 skin of Zhor {*Englaciate rC+++ SInv}
 12723 | Lair:3   | Reached ***** piety under Beogh
 13047 | Lair:3   | Reached skill level 15 in Axes
 13669 | Lair:3   | Acquired 1202 gold pieces
 13684 | Lair:4   | Found a staircase to the Slime Pits.
 14210 | Lair:4   | Reached XP level 14. HP: 156/159 MP: 14/14
 14646 | Lair:4   | Reached skill level 10 in Dodging
 14971 | Lair:4   | Reached skill level 16 in Axes
 15216 | Lair:5   | Entered Level 5 of the Lair of Beasts
 15403 | Lair:5   | Reached skill level 10 in Throwing
 15461 | Lair:5   | Identified the +8 mace of the Furious {drain, rPois MP+9
                  | Stlth+}
 15495 | Lair:5   | Anointed Orcesus the priest as your apostle
 15926 | Lair:5   | Reached skill level 17 in Axes
 16502 | Lair:5   | Reached ****** piety under Beogh
 16503 | Lair:5   | Reached skill level 18 in Axes
 16687 | Lair:5   | Identified the +3 quarterstaff of the Wolf {flame, Int+3}
 16723 | Lair:5   | Reached skill level 1 in Invocations
 16740 | Lair:5   | Reached XP level 15. HP: 128/167 MP: 14/16
 17267 | Orc:1    | Entered Level 1 of the Orcish Mines
 17324 | Orc:1    | Found a runed translucent door.
 17324 | Orc:1    | Noticed Sicial's ghost (journeyman DsGl)
 17344 | Orc:1    | Killed Sicial's ghost
 17983 | Orc:2    | Entered Level 2 of the Orcish Mines
 18019 | Orc:2    | Found a roughly hewn altar of Beogh.
 18020 | Orc:2    | Found Gexysaes's Armour Boutique.
 18033 | Orc:2    | Bought +0 ice dragon scales for 780 gold pieces
 18108 | Orc:2    | Found a roughly hewn altar of Beogh.
 18111 | Orc:2    | Found Limema's Antique Armour Shoppe.
 18148 | Orc:2    | Found a staircase to the Elven Halls.
 18267 | Orc:2    | Found a roughly hewn altar of Beogh.
 18342 | Orc:2    | Found a roughly hewn altar of Beogh.
 18414 | Orc:2    | Found Kyistail's Antique Armour Boutique.
 18414 | Orc:2    | Noticed an orc warlord
 18415 | Orc:2    | Found a roughly hewn altar of Beogh.
 18416 | Orc:2    | Found Routt's Antique Weapon Shop.
 18430 | Orc:2    | Killed an orc warlord
 18655 | Orc:2    | Found a roughly hewn altar of Beogh.
 18755 | Orc:2    | Found a roughly hewn altar of Beogh.
 19060 | D:12     | Reached skill level 5 in Armour
 19347 | D:12     | Found Tacwag's Jewellery Emporium.
 19422 | D:12     | Got the Vellum of Arctic Leucosis
 19653 | D:12     | Noticed Azrael
 19677 | D:12     | Killed Azrael
 20186 | D:13     | Found a frozen archway.
 20294 | D:13     | Anointed Hilgar the priest as your apostle
 20618 | D:13     | Found a gate to the Vaults.
 20619 | D:13     | Noticed a tengu reaver
 20631 | D:13     | Killed a tengu reaver
 21216 | D:13     | Noticed a tengu reaver
 21217 | D:13     | Noticed a tengu reaver
 21217 | D:13     | Found a runed translucent door.
 21219 | D:13     | Noticed a tengu reaver
 21266 | D:13     | Reached skill level 5 in Invocations
 22025 | D:14     | Found Gedu's Weapon Boutique.
 22421 | D:14     | Found Gaaf's Pet Rocks.
 23168 | D:15     | Entered Level 15 of the Dungeon
 23852 | D:15     | Reached XP level 16. HP: 93/180 MP: 20/20
 24307 | D:15     | Found a staircase to the Depths.
 25193 | D:10     | You paid a toll of +3 ice dragon scales to enter a treasure
                  | trove
 25194 | Trove    | Entered a treasure trove
 25202 | Trove    | Identified the ring "Sauneic" {*Corrode Fly rPois Dex+6}
 25205 | Trove    | Identified the ring of Epya {Fly EV+5 Dex+4}
 25207 | Trove    | Identified the ring of Nifav {rC+ rN++ Dex-5}
 25219 | Trove    | Identified the ring of the Burning God {*Slow rElec rPois
                  | rN+ Str+5}
 25223 | Trove    | Identified the ring "Offureul" {Ice Fly rN+ Will++ Dex-3}
 25229 | Trove    | Identified the ring "Ichyot" {Int+2 Dex+6}
 25348 | Orc:2    | Bought glowing gold dragon scales for 2324 gold pieces
 25516 | Snake:1  | Entered Level 1 of the Snake Pit
 25958 | Snake:1  | Reached skill level 1 in Shields
 26575 | Snake:1  | Found Wessul's Assorted Antiques.
 26575 | Snake:1  | Identified the serpent talisman of Dishonesty {Will+}
 26575 | Snake:1  | Noticed Aizul
 26589 | Snake:1  | Killed Aizul
 26720 | Snake:1  | Found Bihoir's Jewellery Shop.
 26730 | Snake:1  | Found Lypn's Magic Scroll Boutique.
 26732 | Snake:1  | Found Rufataoj's Distillery.
 27903 | Snake:2  | Identified the +8 hand axe of Ashenzari's Esteem {freeze,
                  | *Noise ^Fragile Str+8 Dex+4}
 28373 | Snake:3  | Noticed a nagaraja
 28395 | Snake:3  | Killed a nagaraja
 28603 | Snake:2  | Your ally Wardok died
 28605 | Snake:2  | Your ally Marbaugh died
 28611 | Snake:2  | Anointed Argrim the warrior as your apostle
 29097 | Snake:3  | Reached skill level 5 in Shields
 29254 | Snake:3  | Noticed Vashnia
 29748 | Snake:3  | Reached XP level 17. HP: 191/191 MP: 16/23
 30582 | Snake:3  | Identified the staff of Effiuk {rElec rC++ Conj}
 30835 | Snake:4  | Entered Level 4 of the Snake Pit
 31819 | Snake:4  | Reached skill level 10 in Invocations
 32082 | Snake:4  | Your ally Argrim died
 32086 | Snake:4  | Your ally Marbaugh died
 32091 | Snake:4  | Your ally Hilgar died
 32574 | Snake:4  | Reached XP level 18. HP: 195/202 MP: 25/25
 32650 | Snake:4  | Found an iron altar of Okawaru.
 32668 | Snake:4  | Got a serpentine rune of Zot
 33341 | Snake:3  | Identified the +8 dagger "Demonbane" {drain, rPois Str+3
                  | Int-5 Dex+3}
 33341 | Snake:3  | Identified the +0 robe "Kiusaph" {^Drain rN+ SInv}
 33524 | Shoals:1 | Entered Level 1 of the Shoals
 33524 | Shoals:1 | Noticed Kirke
 33534 | Shoals:1 | Killed Kirke
 34056 | Shoals:1 | Noticed Mlioglotl
 34060 | Shoals:1 | Noticed a hellephant
 34061 | Shoals:1 | Killed Mlioglotl
 34075 | Shoals:1 | Your ally Argrim died
 34760 | Shoals:2 | Found a runed translucent gate.
 34760 | Shoals:2 | Found a runed translucent gate.
 34760 | Shoals:2 | Found a runed translucent gate.
 34771 | Shoals:2 | Found an opulent altar of Gozag.
 35118 | Shoals:2 | Acquired a manual of Axes
 35725 | Shoals:2 | Noticed a titan
 35735 | Shoals:2 | Reached skill level 10 in Shields
 35777 | Shoals:2 | Killed a titan
 36600 | Shoals:3 | Noticed Ilsuiw
 36616 | Shoals:3 | HP: 10/205 [something (2)]
 36625 | Shoals:3 | Killed Ilsuiw
 37131 | Shoals:3 | Found Suijim's Visitors' Centre.
 37352 | Shoals:3 | Found Suijim's Merfolk Armours.
 37352 | Shoals:3 | Found Suijim's Merfolk Weapons.
 37352 | Shoals:3 | Found Suijim's Merfolk Magic.
 37370 | Shoals:3 | Bought a scarf of resistance for 512 gold pieces
 37611 | Shoals:4 | Entered Level 4 of the Shoals
 38056 | Shoals:4 | Reached XP level 19. HP: 178/213 MP: 27/27
 38938 | Shoals:4 | Your ally Argrim died
 39278 | Shoals:4 | Got a barnacled rune of Zot
 39511 | Shoals:4 | Identified the +3 kite shield "Sacku" {-Tele Dex+4}
 39756 | Shoals:3 | Identified the +8 great sword of Wuoprop {pain, rF+ MP+9
                  | Dex+2}
 39769 | Shoals:3 | Anointed Margrim the warrior as your apostle
 40069 | Elf:1    | Entered Level 1 of the Elven Halls
 40090 | Elf:1    | Reached skill level 10 in Armour
 40229 | Elf:1    | Paralysed by an air elemental for 1 turns
 40232 | Elf:1    | Paralysed by an air elemental for 1 turns
 40793 | Elf:1    | Reached skill level 19 in Axes
 41619 | Elf:1    | Found Kuuhesup's Book Boutique.
 41620 | Elf:1    | Found Xejasm's Jewellery Shoppe.
 41620 | Elf:1    | Found Araxuph's Jewellery Shoppe.
 41752 | Elf:1    | Your ally Marbaugh died
 41828 | Elf:2    | Found Tokhlent's Antique Weapon Emporium.
 41830 | Elf:2    | Found Atzol's Jewellery Boutique.
 41890 | Elf:2    | Found a huge runed translucent gate.
 41890 | Elf:2    | Found a huge runed translucent gate.
 41891 | Elf:2    | Found a huge runed translucent gate.
 41892 | Elf:2    | Found a huge runed translucent gate.
 41892 | Elf:2    | Found a huge runed translucent gate.
 41893 | Elf:2    | Found a huge runed translucent gate.
 41893 | Elf:2    | Found a huge runed translucent gate.
 41893 | Elf:2    | Found a huge runed translucent gate.
 41894 | Elf:2    | Found a huge runed translucent gate.
 41894 | Elf:2    | Found a huge runed translucent gate.
 41894 | Elf:2    | Found a huge runed translucent gate.
 41894 | Elf:2    | Found a huge runed translucent gate.
 41894 | Elf:2    | Found a huge runed translucent gate.
 41895 | Elf:2    | Found a huge runed translucent gate.
 41896 | Elf:2    | Found a huge runed translucent gate.
 41896 | Elf:2    | Found a huge runed translucent gate.
 41899 | Elf:2    | Found a huge runed translucent gate.
 41904 | Elf:2    | Found a huge runed translucent gate.
 41905 | Elf:2    | Found a huge runed translucent gate.
 41906 | Elf:2    | Found a huge runed translucent gate.
 41906 | Elf:2    | Found a huge runed translucent gate.
 41958 | Elf:2    | Found Qaumadd's General Store.
 41997 | Elf:2    | Found a huge runed translucent gate.
 42001 | Elf:2    | Found a huge runed translucent gate.
 42001 | Elf:2    | Found a huge runed translucent gate.
 42004 | Elf:2    | Found a huge runed translucent gate.
 42005 | Elf:2    | Found a huge runed translucent gate.
 42006 | Elf:2    | Found a huge runed translucent gate.
 42007 | Elf:2    | Found a huge runed translucent gate.
 42008 | Elf:2    | Found a huge runed translucent gate.
 42008 | Elf:2    | Found a huge runed translucent gate.
 42009 | Elf:2    | Found Ciweany's Jewellery Shop.
 42015 | Elf:2    | Found a huge runed translucent gate.
 42018 | Elf:2    | Found a huge runed translucent gate.
 42019 | Elf:2    | Found a huge runed translucent gate.
 42076 | Elf:1    | Found a shimmering blue altar of Sif Muna.
 42106 | Elf:2    | Found Noanoam's Assorted Antiques.
 42296 | Elf:2    | Found a huge runed translucent gate.
 42296 | Elf:2    | Found a huge runed translucent gate.
 42297 | Elf:2    | Found a huge runed translucent gate.
 42524 | Elf:2    | Found a runed translucent gate.
 42524 | Elf:2    | Found a runed translucent gate.
 42530 | Elf:2    | Found a runed translucent gate.
 42594 | Elf:3    | Entered Level 3 of the Elven Halls
 42880 | Elf:3    | Found Vino's Book Emporium.
 43067 | Elf:3    | Noticed Nikola
 43069 | Elf:3    | Noticed Mara
 43077 | Elf:3    | Killed Nikola
 43412 | Elf:3    | Paralysed by an air elemental for 1 turns
 43417 | Elf:3    | Paralysed by an air elemental for 1 turns
 43687 | Elf:3    | Noticed arrowsters's illusion
 43705 | Elf:3    | Killed Mara
 43706 | Elf:3    | Reached XP level 20. HP: 143/226 MP: 8/29
 44797 | Elf:3    | Identified the +10 short sword "Goblinbane" {flame, Will+
                  | MP-9 Str+9}
 45120 | Elf:3    | Identified the ring "Emy Qaewk" {Wiz rF+ rCorr Int+5 Dex-5}
 45356 | Elf:3    | Identified the ring of Ugreod {Fire Str+4 Dex-5 Stlth+}
 45495 | Elf:3    | Reached skill level 15 in Throwing
 45531 | Elf:3    | Got the Compendium of Combustive Ectoplasm
 45535 | Elf:3    | Identified the staff of Tenacity {MP-9 Dex-4 Stlth+ Conj
                  | Tloc}
 45551 | Elf:3    | Identified the +3 short sword of the Hidden Bounties
                  | {venom, rElec rN+ Str+5}
 45563 | Elf:3    | Reached skill level 20 in Axes
 45630 | Elf:3    | Got the Disquisition on Profane Deeds
 45668 | Elf:3    | Identified the staff "Hyis" {rPois Dex+3 Alchemy}
 45674 | Elf:3    | Got Khufu's Codex of Shades
 45747 | Elf:3    | Identified the +5 scale mail "Tearar" {rCorr Str-5 Int+9
                  | Stlth-}
 46061 | Slime:1  | Entered Level 1 of the Pits of Slime
 46206 | Slime:1  | Anointed Beowulf the priest as your apostle
 46276 | Slime:1  | Gained mutation: You occasionally lose the ability to read
                  | scrolls when taking damage. [a shining eye]
 46390 | Slime:1  | Gained mutation: Potions are less effective at restoring
                  | your health. [a shining eye]
 46703 | Slime:2  | Paralysed by a formless jellyfish for 1 turns
 46805 | Slime:2  | You are sucked into a shaft and drop 1 floor!
 47573 | Slime:3  | Found a viscous altar of Jiyva.
 47847 | Slime:4  | Noticed Dissolution
 47914 | Slime:4  | Paralysed by a formless jellyfish for 1 turns
 48097 | Slime:3  | Your ally Marbaugh died
 48098 | Slime:3  | Your ally Beowulf died
 48247 | Slime:4  | Reached XP level 21. HP: 215/239 MP: 31/31
 48301 | Slime:4  | Killed Dissolution
 48827 | Slime:5  | Entered Level 5 of the Pits of Slime
 48881 | Slime:5  | Gained mutation: You occasionally shout uncontrollably at
                  | your foes. [a shining eye]
 49438 | Slime:5  | Reached skill level 21 in Axes
 49536 | Slime:5  | Found a viscous altar of Jiyva.
 49536 | Slime:5  | Found the +2 hat of the Bear Spirit {Spirit, Bear, *Rage
                  | Will++}
 49758 | Slime:5  | Noticed the Royal Jelly
 49943 | Slime:4  | Lost mutation: Potions are less effective at restoring your
                  | health. [potion of mutation]
 49943 | Slime:4  | Lost mutation: You occasionally lose the ability to read
                  | scrolls when taking damage. [potion of mutation]
 49943 | Slime:4  | Gained mutation: Your magical capacity is low. (-10% MP)
                  | [potion of mutation]
 49943 | Slime:4  | Gained mutation: You have sharp toenails. [potion of
                  | mutation]
 49943 | Slime:4  | Gained mutation: You have a somewhat thin skeletal
                  | structure. (Dex +2, Stealth+) [potion of mutation]
 49943 | Slime:4  | Gained mutation: You expend magic power (3 MP) to
                  | strengthen your wands. [potion of mutation]
 50139 | Slime:5  | Killed the Royal Jelly
 50149 | Slime:5  | Your ally Marbaugh died
 50159 | Slime:5  | Your ally Beowulf died
 50160 | Slime:5  | Your ally Margrim died
 50525 | Slime:5  | Identified the +8 rapier of Immorality {heavy, rN++}
 50527 | Slime:5  | Got the Compendium of Topomancy
 50537 | Slime:5  | Got a slimy rune of Zot
 50607 | Slime:5  | Identified the ring of Xawivol {Wiz *Corrode +Blink Dex+2}
 50648 | Slime:5  | Got the Notes on the Burn
 50649 | Slime:5  | Identified the staff "Uxecsalo" {rElec Str+2 Air}
 50652 | Slime:5  | Identified the staff of Zudetoat {rPois rF+ Dex-3 Summ
                  | Alchemy}
 50821 | Slime:5  | Upgraded the game from 0.32-a0-411-g744942f to
                  | 0.32-a0-422-g28b100f
 51033 | Vaults:1 | Entered Level 1 of the Vaults
 51406 | Vaults:1 | Found Agepsof's General Store.
 51414 | Vaults:1 | Bought a potion of ambrosia for 112 gold pieces
 51441 | Vaults:1 | Found a crumbling gateway.
 51445 | Desolati | Entered the Desolation of Salt
 51458 | Desolati | Reached skill level 15 in Invocations
 51733 | Desolati | Got Omos Osoi's Encyclopedia of Flinty Skeletons
 51748 | Desolati | Identified the +1 halberd "Nett" {flame, rC+ rCorr Dex+3}
 51850 | Desolati | Identified the ring "Hiebub" {Dex+4 SInv}
 51860 | Desolati | Identified the +6 whip of the Middle {holy, rF+++ rN+ Int+3
                  | Dex-4}
 51877 | Desolati | Reached skill level 15 in Shields
 51929 | Desolati | Identified the ring of the Parsimonious God {rElec EV+5}
 51931 | Desolati | Identified the ring of Secvourpha {rC+ Will+}
 51951 | Desolati | Identified the storm talisman "Jyzeom" {Int+2 Dex+2 SInv}
 52151 | Desolati | Identified the +2 pair of gloves of Hadjma {^Drain rPois
                  | Str+8}
 52155 | Desolati | Got Sif Muna's Omnibus of the Changing Iceberg
 52156 | Desolati | Identified the ring of Zatz {rElec rPois Dex+2 Slay+3}
 52157 | Desolati | Identified the +1 pair of boots "Raaruogh" {Int+5}
 52170 | Desolati | Identified the staff of the Illusory Seas {rC+ Str+2 Ice}
 52307 | Vaults:1 | Acquired the -1 cloak of the Land of Plenty {-Cast rC+
                  | Will+++ Dex+5}
 52568 | Vaults:1 | Reached XP level 22. HP: 229/252 MP: 30/30
 52751 | Vaults:1 | Acquired 843 gold pieces
 52753 | Vaults:1 | Acquired the +1 hat of Disguise {Dex+4}
 53085 | Vaults:2 | Reached skill level 22 in Axes
 54770 | Vaults:3 | You are sucked into a shaft and drop 1 floor!
 54785 | Vaults:4 | Noticed Zenata
 54793 | Vaults:4 | Your ally Marbaugh died
 54802 | Vaults:4 | Your ally Beowulf died
 54802 | Vaults:4 | Your ally Margrim died
 54807 | Vaults:4 | Mangled by a +0 glaive of flaming

Illustrated notes

Levels and vault maps discovered:
D:1:      sevenhm_arrival_forest_fort_small_4, layout_basic, serial_shops,
          nicolae_shop_tiny_real_fake_doors, nicolae_shop_pleasant_corner_grove,
          shop, nicolae_shop_window_shopping, nicolae_shop_advertising_works
          [nicolae_subvault_shop_adworks], serial_glass, glass_columns_b,
          glass_columns_a, chequers_arboretum
D:2:      layout_rooms, serial_shops, shop, grunt_ministairs_11, nrook_campfire,
          minmay_strange_pillars, minivault_11, minmay_shallow_snake_nest,
          uniq_crazy_yiuf_cottage
D:3:      layout_basic, ebering_ecumenical_altar_mist
D:4:      layout_basic, tgw_sif, slow_altar_1, minmay_temple_entry_waves,
          st_stairs_7, uniq_blork_the_orc
D:5:      layout_basic, old_standard_altar, kennysheep_mini, grunt_ministairs_8,
          uniq_sigmund
D:6:      layout_loops_cross, hangedman_decor_riveting
D:7:      layout_loops_cross, nzn_ghost_randoct
D:8:      layout_rooms, chequers_temple_overflow_statue_of_worship,
          uniq_gastronok, uniq_amaemon, uniq_joseph
D:9:      layout_cave_pools, david_lair_shrubbed, serial_shops, shop,
          enter_bailey_5
D:10:     layout_cave_pools, enter_trove_2
D:11:     layout_basic, erik_orc_4, grunt_decor_resistance, uniq_snorg
D:12:     layout_basic, serial_shops, shop, uniq_azrael
D:13:     minmay_gate_of_8, layout_basic, hellmonk_vaults_attempted_burglary,
          portal_ice_cave_entry_ice_simulacra
D:14:     layout_loops_corners, nicolae_cairo_tiling_large_dashed, serial_shops,
          shop_coins, guppyfry_shop_earth
D:15:     kennysheep_seaside_town, layout_loops_cross, serial_aquarium,
          aquarium_bridge_straight [aquarium_subvault_bridge,
          aquarium_subvault_window, aquarium_subvault_bridge,
          aquarium_subvault_wall], aquarium_window_fake, aquarium_window_corner,
          aquarium_window_2, aquarium_view_2b, aquarium_view_2c,
          aquarium_balcony_3b, aquarium_pool_2, minmay_gold_behind_fungi,
          minmay_misc_feat_secret_circle
Lair:1:   layout_roguey, serial_forest, infiniplex_forest_straight_4,
          infiniplex_forest_straight_4, infiniplex_forest_clump_small,
          infiniplex_forest_clump_curved, infiniplex_forest_lined_3_way,
          infiniplex_forest_fountain
Lair:2:   layout_small_grid, minmay_shoals_entry_hut,
          minmay_snake_entry_guardpost_small, nicolae_quartered_pool_impasse,
          infiniplex_staircase_pool_2
Lair:3:   layout_regular_city, hellmonk_guarded_unrand_zhor, grunt_megastairs_3
Lair:4:   layout_cave_pods, nicolae_slime_entry_field_trip
Lair:5:   evilmike_catoblepas_cave, layout_regular_city, gauntlet_entry_generic,
          chequers_serial_rivers_micro_b
Shoals:1: layout_shoals, uniq_kirke, uniq_mlioglotl
Shoals:2: cheibrodos_shoals_gigantism, layout_shoals, ebering_ghost_gozag
Shoals:3: nicolae_shoals_mermall, layout_shoals,
          nicolae_shoals_arrival_archipelago, nicolae_shoals_former_cling_halls,
          uniq_ilsuiw
Shoals:4: shoals_end_grunt_ice, layout_shoals
Snake:1:  layout_cave_shapes, nicolae_snake_serpentine_bazaar,
          nicolae_triple_integral, uniq_aizul
Snake:2:  layout_grid_maze, grunt_ministairs_13, serial_bayou_shore_a
Snake:3:  kennysheep_snake, layout_onion, serial_bayou_shore_b, uniq_vashnia
Snake:4:  grunt_snake_rune_serpentine_throne, layout_gridlike,
          corexii_hall_statues_i, statue_in_the_mist_lemuel,
          nicolae_snake_gridmaze_big_u
Slime:1:  layout_caves
Slime:2:  layout_caves
Slime:3:  layout_caves, basic_altar
Slime:4:  layout_caves, uniq_dissolution
Slime:5:  slime_pit_nicolae_trefoil
Orc:1:    layout_caves, hellmonk_ghost_happy_afterlife
Orc:2:    grunt_orc_community_town_hall, layout_caves,
          grunt_orc_community_big_house_1, grunt_orc_community_big_house_1,
          grunt_orc_community_house_3, grunt_orc_community_house_3,
          grunt_orc_community_house_1, grunt_orc_community_house_2,
          grunt_orc_community_house_3
Elf:1:    eino_elf_arrival_customs, layout_geoelf_diagonals,
          nicolae_elf_blasts_and_bolts, st_stairs_1, minmay_fountain_box,
          minmay_shop_grove, lemuel_upstairs_altar
Elf:2:    nicolae_elf_blades_splatter_lattice [mumra_blade_entry_dagger],
          layout_geoelf_octagon, serial_shops, nicolae_take_the_stairs,
          nicolae_shop_gaudy_bauble, shop_statue, shop, nicolae_shop_stone,
          door_vault, uniq_jorgrun
Elf:3:    minmay_elf_hall_quartered_circle, layout_gridlike, serial_shops,
          nicolae_book_shop_shelving, uniq_nikola, uniq_mara
Vaults:1: portal_desolation_entry_nicolae_nacl, vaults_dpeg_doors, v_misc_26,
          v_misc_9, dpeg_vaults_monster_box, layout_vaults_quadrants,
          serial_shops, shop_statue
Vaults:2: vaults_room_semicircle, ontoclasm_vaults_ring_square, v_alt_pattern_4,
          nicolae_vaults_mini_display_case, dpeg_vaults_monster_row,
          nicolae_vaults_angled_halls, ontoclasm_vaults_chip,
          nicolae_vaults_ring_of_whatevers, nicolae_vaults_trapezoid_lopsided_1,
          ontoclasm_vaults_decontamination, layout_vaults_chaotic_city
Vaults:3: nicolae_vaults_trapezoid_lopsided_4,
          minmay_crypt_entry_skeletal_spiral, nicolae_vaults_theta, v_misc_5,
          v_misc_22, ontoclasm_vaults_hangar, v_rooms_5,
          nicolae_vaults_little_ls, nicolae_vaults_heart-shaped_vault,
          vaults_room_grid, nicolae_vaults_storage_room_glass,
          nicolae_vaults_big_ls, nicolae_vaults_trapezoid_layered,
          ontoclasm_vaults_chip, hangedman_vaults_restitches,
          layout_vaults_omnibox, uniq_asterion
Vaults:4: gammafunk_ghost_grave, nicolae_vaults_windows_and_doors_thing,
          hangedman_vaults_stream, ontoclasm_vaults_spin,
          nicolae_vaults_shelves_hall, v_rooms_4, v_misc_25,
          hangedman_vaults_corner, v_misc_8, nicolae_vaults_stepped_doors,
          nicolae_vaults_house_1, nicolae_vaults_rhombus_5,
          nicolae_vaults_tetromino_Z_2, nicolae_vaults_double_plus_1,
          layout_vaults_omnicross, serial_shops, nicolae_shop_dealshenge,
          uniq_zenata

Skill      XL: |  1  2  3  4  5  6  7  8  9 10 11 12 13 14 15 16 17 18 19 20 21 22 |
---------------+-------------------------------------------------------------------+-----
Dodging        | 3 4 5 6 7 8 9 10 11 12 | 12.3
Axes           | 4 5 7 8 12 13 15 18 19 20 21 22 | 22.2
Fighting       | 5 6 8 9 11 14 15 16 17 18 19 20 21 | 21.9
Throwing       | 3 5 6 7 9 10 11 12 13 14 15 | 15.0
Armour         | 1 2 4 5 7 8 9 10 11 | 11.5
Invocations    | 1 6 8 10 11 13 14 15 16 | 16.0
Shields        | 5 8 10 12 13 15 | 15.2

Action                     |  1- 3 |  4- 6 |  7- 9 | 10-12 | 13-15 | 16-18 | 19-21 | 22-24 || total
---------------------------+-------+-------+-------+-------+-------+-------+-------+-------++-------
  Melee: Hand axe          |    60 |   146 |   120 |       |       |       |       |       ||   326
         Headbutt          |    12 |    23 |    61 |    37 |   202 |   169 |   212 |    47 ||   763
         War axe           |       |       |    99 |       |       |       |       |       ||    99
         Broad axe         |       |       |    17 |   140 |   659 |   756 |   727 |   157 ||  2456
         Kick              |       |       |       |       |       |       |    80 |    75 ||   155
  Throw: Boomerang         |       |       |    32 |     6 |     4 |   139 |   349 |     4 ||   534
         Dart              |       |       |     6 |    49 |   117 |    69 |       |       ||   241
         Large rock        |       |       |     3 |     6 |    31 |    71 |    55 |     4 ||   170
         Throwing net      |       |       |       |     1 |       |       |       |       ||     1
 Invoke: Convert to Beogh  |       |       |     1 |       |       |       |       |       ||     1
         Recruit Apostle   |       |       |       |     2 |     3 |     1 |     2 |       ||     8
         Recall Apostles   |       |       |       |     2 |     6 |    14 |    17 |     2 ||    41
         Dismiss Apostle   |       |       |       |       |     2 |     1 |     2 |       ||     5
         Smiting           |       |       |       |       |       |    37 |    51 |     4 ||    92
         Blood for Blood   |       |       |       |       |       |     1 |       |       ||     1
  Evoke: Lightning rod     |       |       |       |       |       |       |     1 |       ||     1
    Use: Potion            |       |     1 |     6 |     1 |     2 |     2 |     4 |     1 ||    17
         Scroll            |       |       |     7 |     7 |     7 |    10 |    12 |     4 ||    47
   Stab: Distracted        |       |       |     1 |     1 |    13 |    13 |    17 |     5 ||    50
         Held in net/web   |       |       |       |     2 |       |       |       |       ||     2
         Petrified         |       |       |       |       |     5 |       |       |       ||     5
 Armour: Robe              |    38 |   107 |   177 |    54 |       |       |       |       ||   376
         Skin              |       |       |    60 |       |       |       |       |       ||    60
         Troll leather arm |       |       |       |    27 |    62 |       |       |       ||    89
         Animal skin       |       |       |       |       |   315 |    49 |       |       ||   364
         Gold dragon scale |       |       |       |       |       |   638 |   730 |   134 ||  1502
  Dodge: Dodged            |    27 |    91 |   159 |    58 |   264 |    79 |    86 |    32 ||   796
  Block: Kite shield       |       |       |       |       |       |   383 |   399 |    45 ||   827
         Reflection        |       |       |       |       |       |    47 |    36 |       ||    83
         Tower shield      |       |       |       |       |       |       |       |    72 ||    72

Table legend: (Time is in decaauts)
 A = Elapsed time spent in this place.
 B = Non-inter-level travel time spent in this place.
 C = Inter-level travel time spent in this place.
 D = Time resting spent in this place.
 E = Time spent auto-exploring this place.
 F = Levels seen in this place.
 G = Mean time per level.
                   A        B        C        D        E       F      G
               +--------+--------+--------+--------+--------+-----+--------+
         Total |  54267 |  50686 |   3581 |   2583 |  37511 |  45 | 1205.9 |
       Dungeon |  16718 |  15762 |    956 |    491 |  12634 |  15 | 1114.5 |
          Lair |   6646 |   5958 |    688 |      0 |   4827 |   5 | 1329.2 |
        Shoals |   6298 |   6131 |    167 |    579 |   4203 |   4 | 1574.5 |
     Snake Pit |   7897 |   7449 |    448 |    399 |   5400 |   4 | 1974.2 |
    Slime Pits |   4759 |   4221 |    538 |    347 |   2792 |   5 |  951.8 |
  Orcish Mines |   1999 |   1583 |    416 |      0 |   1314 |   2 |  999.5 |
   Elven Halls |   5728 |   5516 |    212 |    767 |   3512 |   3 | 1909.3 |
        Vaults |   2859 |   2707 |    152 |      0 |   2178 |   4 |  714.8 |
         Trove |     69 |     69 |      0 |      0 |      0 |   1 |   69.0 |
        Bailey |    466 |    466 |      0 |      0 |    197 |   1 |  466.0 |
    Desolation |    824 |    824 |      0 |      0 |    454 |   1 |  824.0 |
               +--------+--------+--------+--------+--------+-----+--------+

Top non-repeatable levels by time:
 Snake:3: 2390 daAuts
   Elf:3: 2355 daAuts
 Snake:4: 2178 daAuts
Shoals:4: 2097 daAuts
 Snake:2: 1938 daAuts
  Lair:5: 1839 daAuts
    D:15: 1790 daAuts
    D:13: 1783 daAuts
   Elf:1: 1732 daAuts
  Lair:4: 1642 daAuts
   Elf:2: 1640 daAuts
Shoals:2: 1584 daAuts
     D:5: 1535 daAuts
     D:4: 1514 daAuts
 Slime:5: 1494 daAuts
